 Dungeon Crawl Stone Soup version 0.26-a0-597-gb535b0901c (webtiles) character file.

Game seed: 195623973991450764

8751 Apogee the Grappler (level 11, 0/109 HPs)
             Began as a Troll Berserker on Sept 14, 2020.
             Was a High Priest of Trog.
             Slain by an unseen horror (7 damage)
             ... on level 10 of the Dungeon.
             The game lasted 00:13:19 (8371 turns).

Apogee the Grappler (Troll Berserker)               Turns: 8371, Time: 00:13:19

Health: 0/109      AC:  6    Str: 29 (30) XL:     11   Next: 14%
Magic:  19/19      EV: 11    Int:  7 (9)  God:    Trog [*****.]
Gold:   687        SH:  0    Dex:  8 (9)  Spells: 10/10 levels left

rFire    . . .     SeeInvis .     - Unarmed
rCold    . . .     Faith    .   z - +0 kite shield
rNeg     . . .     Spirit   .   a - +0 animal skin
rPois    .         Reflect  +   (helmet restricted)
rElec    .         Harm     .   (no cloak)
rCorr    .                      (gloves unavailable)
MR       ++...                  (boots unavailable)
Stlth    +.........             l - amulet of reflection
HPRegen  1.68/turn              s - +6 ring of intelligence
MPRegen  0.16/turn              A - ring of magical power

@: confused, flying, regenerating, hasted, very quick
A: large, unfitting armour, claws 3, regeneration 1, shaggy fur 1, tough skin 3
a: Berserk, Trog's Hand, Brothers in Arms, Renounce Religion


You were on level 10 of the Dungeon.
You worshipped Trog.
Trog was extremely pleased with you.
You visited 1 branch of the dungeon, and saw 10 of its levels.
You also visited: Sewer.

You collected 687 gold pieces.

Inventory:

Missiles
 j - 237 stones (quivered)
 F - 3 atropa-tipped darts
Armour
 a - a +0 animal skin (worn)
 z - a +0 kite shield (worn)
   (You found it on level 6 of the Dungeon)
Jewellery
 l - an amulet of reflection (around neck)
   (You took it off a gnoll on level 2 of the Dungeon)
 s - a +6 ring of intelligence (left claw)
   (You found it on level 3 of the Dungeon)
 A - a ring of magical power (right claw)
   (You found it on level 3 of the Dungeon)
 E - an uncursed ring of protection from cold {unknown}
   (You found it on level 9 of the Dungeon)
Wands
 t - a wand of flame (16)
   (You found it on level 7 of the Dungeon)
 u - a wand of paralysis (9)
   (You found it on level 6 of the Dungeon)
 v - a wand of digging (7)
   (You found it on level 6 of the Dungeon)
Scrolls
 c - 2 scrolls of fog {unknown}
 d - 4 scrolls of teleportation {unknown}
 k - 10 scrolls of identify {unknown}
 m - 2 scrolls of fear {unknown}
 n - 4 scrolls of amnesia {unknown}
 o - 5 scrolls of remove curse {unknown}
 q - a scroll of enchant weapon {unknown}
 y - a scroll of blinking {unknown}
 B - 7 scrolls of immolation {unknown}
Potions
 e - 3 potions of degeneration {!q}
 g - a potion of invisibility {unknown}
 h - a potion of lignification {unknown}
 i - a potion of resistance
 p - a potion of heal wounds {unknown}
 r - a potion of stabbing {unknown}
 w - 3 potions of flight
 x - a potion of ambrosia
 C - 3 potions of curing {@q1}
 D - a potion of brilliance {unknown}


   Skills:
 + Level 7.0 Fighting
 + Level 7.0 Throwing
 + Level 7.0 Dodging
 + Level 5.2 Shields
 + Level 9.5 Unarmed Combat


You had 10 spell levels left.
You didn't know any spells.
Your spell library was empty.

Dungeon Overview and Level Annotations

Branches:
Dungeon (10/15)            Temple (0/1) D:7            Lair (0/6) D:9
  Sewer (visited)
    Orc: D:9-12

Altars:
Dithmenos
Elyvilon
Gozag
Kikubaaqudgha
Makhleb
Okawaru
Qazlal
Trog
Vehumet
Yredelemnul
Zin
Jiyva

Shops:
D:4 (*   D:6 (   D:7 [(   D:8 }

Annotations:
D:7 2 transporters, HoaS's ghost, novice FoFi
D:9 2 transporters, aaksess's ghost, novice MfGl


Innate Abilities, Weirdness & Mutations

You are too large for most types of armour.
You have claws for hands.
Your natural rate of healing is unusually fast.
You are covered in fur. (AC +1)
You have extremely tough skin. (AC +3)


Message History

You swing at nothing.
Something hits you.
* * * LOW HITPOINT WARNING * * *
You swing at nothing.
Something hits you!
* * * LOW HITPOINT WARNING * * *
You claw something! Something hits you.
* * * LOW HITPOINT WARNING * * *
Something hits you!
* * * LOW HITPOINT WARNING * * *
Unknown command.
Something hits you but does no damage. You block something's attack.
Something hits you!
* * * LOW HITPOINT WARNING * * *
Something hits you.
* * * LOW HITPOINT WARNING * * *
Something hits you but does no damage. Something hits you.
* * * LOW HITPOINT WARNING * * *
Something hits you!
* * * LOW HITPOINT WARNING * * *
Unknown command.
It was a potion of degeneration.
There was something very wrong with that liquid.
You feel weakened.
You feel dopey.
You feel clumsy. Something hits you!
* * * LOW HITPOINT WARNING * * *
It was a potion of curing.
You feel better. Something hits you!
* * * LOW HITPOINT WARNING * * *
Something hits you but does no damage.
It was a potion of ambrosia.
You are confused.
You feel invigorated. Something hits you!
* * * LOW HITPOINT WARNING * * *
It was a potion of flight.
You feel very buoyant.
You fly up into the air.
Something hits you but does no damage.
It was a potion of magic.
Magic courses through your body. Something hits you!
* * * LOW HITPOINT WARNING * * *
It was a potion of haste.
You feel yourself speed up. Something hits you.
* * * LOW HITPOINT WARNING * * *
Something hits you!
You die...

##############
.............#
†..#########.#
##.# #.# #.#
######.######
##.#
.............#
##.#
.##+###.###..#
##.# ##...##.#
#..#
##.###.....###
#@.#
##.##.......##
#..# #[##
#...###..# .##
##)..##..## ##
##...##..#
##..[##.#
##...#)#
#⌠..).#
##...###


There were no monsters in sight!

Vanquished Creatures
  2 two-headed ogres
  An unseen horror (D:10)
  A cyclops (D:9)
  A gargoyle (D:10)
  A troll (D:9)
  A slime creature (D:10)
  2 hippogriffs
  A wraith (D:10)
  7 yaks
  A wyvern (D:8)
  A water moccasin (D:7)
  5 orc warriors
  A hornet zombie (D:7)
  A black bear (D:7)
  5 ice beasts
  A sky beast (D:6)
  4 ogres
  A centaur (D:5)
  A big kobold (Sewer)
  10 bullfrogs
  4 scorpions
  3 killer bees (D:8)
  3 wights (D:10)
  2 howler monkeys (D:5)
  5 jellies
  A bullfrog zombie (D:7)
  7 orc priests
  2 hounds
  7 orc wizards
  A bullfrog skeleton (D:10)
  3 iguanas
  Terence (D:2)
  6 worker ants
  A hound zombie (D:10)
  2 howler monkey skeletons
  A worker ant zombie (D:10)
  3 gnolls (D:2)
  A river rat (Sewer)
  11 adders
  2 shadow imps (D:5)
  2 white imps
  An ufetubus (D:7)
  An ooze (D:7)
  2 adder skeletons
  2 worms
  2 dart slugs
  13 leopard geckos
  41 orcs
  A ball python (D:1)
  4 bats
  8 giant cockroaches
  7 goblins
  9 hobgoblins
  13 jackals
  3 quokkas
  7 frilled lizards
  6 kobolds
  2 leopard gecko skeletons
  9 rats
247 creatures vanquished.

Notes
Turn   | Place    | Note
-------+----------+-------------------------------------------
     0 | D:1      | Apogee the Troll Berserker began the quest for the Orb.
     0 | D:1      | Reached XP level 1. HP: 22/22 MP: 0/0
   146 | D:1      | Reached XP level 2. HP: 29/29 MP: 1/1
   495 | D:2      | Reached XP level 3. HP: 29/36 MP: 2/2
   565 | D:2      | Noticed Terence
   575 | D:2      | Killed Terence
   575 | D:2      | Reached skill level 1 in Throwing
   682 | D:2      | Reached ** piety under Trog
   682 | D:2      | Reached XP level 4. HP: 44/44 MP: 3/3
   752 | D:2      | Reached skill level 4 in Unarmed Combat
  1445 | D:3      | Reached XP level 5. HP: 51/53 MP: 4/4
  1504 | D:3      | Found a faded altar of an unknown god.
  1674 | D:3      | Found a bloodstained altar of Trog.
  1856 | D:4      | Found Apludwua's Antique Weapon Boutique.
  1890 | D:4      | Noticed an ogre
  1898 | D:4      | Killed an ogre
  1898 | D:4      | Reached *** piety under Trog
  1898 | D:4      | Reached XP level 6. HP: 61/61 MP: 5/5
  2000 | D:4      | Reached skill level 5 in Unarmed Combat
  2152 | D:4      | Found Wuqydu's Assorted Antiques.
  2167 | D:4      | Found a shadowy altar of Dithmenos.
  2198 | D:4      | Found a glowing drain.
  2219 | Sewer    | Entered a sewer
  2403 | Sewer    | Found a white marble altar of Elyvilon.
  2465 | D:4      | Reached XP level 7. HP: 64/67 MP: 6/6
  2560 | D:5      | Entered Level 5 of the Dungeon
  2560 | D:5      | Found a white marble altar of Elyvilon.
  2777 | D:5      | Found an opulent altar of Gozag.
  2825 | D:5      | Reached skill level 6 in Unarmed Combat
  2961 | D:5      | Reached **** piety under Trog
  3383 | D:6      | Found Pegok's Antique Weapon Shoppe.
  3413 | D:6      | Reached XP level 8. HP: 61/78 MP: 7/7
  3485 | D:6      | Got a faintly glowing copper ring
  3655 | D:6      | Identified the ring "Askenig" {MR- Int+6 Stlth-} (You found
                  | it on level 6 of the Dungeon)
  4313 | D:6      | Reached skill level 7 in Unarmed Combat
  4408 | D:7      | Found an iron altar of Okawaru.
  4467 | D:7      | Reached skill level 1 in Shields
  4566 | D:7      | Found a transporter.
  4567 | D:7      | Noticed HoaS's ghost (novice FoFi)
  4589 | D:7      | Found a transporter.
  4664 | D:7      | Found a staircase to the Ecumenical Temple.
  4677 | D:7      | Found Kur Xoom's Antique Armour Boutique.
  4677 | D:7      | Noticed a hippogriff
  4686 | D:7      | Killed a hippogriff
  4686 | D:7      | Reached skill level 5 in Fighting
  4686 | D:7      | Reached skill level 5 in Dodging
  4755 | D:7      | Reached XP level 9. HP: 74/88 MP: 8/8
  5290 | D:7      | Found Mufibaun's Antique Weapon Boutique.
  5492 | D:8      | Found a stormy altar of Qazlal.
  5589 | D:8      | Reached skill level 5 in Throwing
  5629 | D:8      | Found Ratim's Gadget Emporium.
  5680 | D:8      | Reached skill level 8 in Unarmed Combat
  6025 | D:8      | Noticed a two-headed ogre
  6041 | D:8      | Killed a two-headed ogre
  6041 | D:8      | Reached XP level 10. HP: 45/98 MP: 9/9
  6285 | D:8      | Reached ***** piety under Trog
  6497 | D:9      | Found a glowing silver altar of Zin.
  6671 | D:9      | Noticed aaksess's ghost (novice MfGl)
  6683 | D:9      | Found a transporter.
  6688 | D:9      | Found a staircase to the Lair.
  6690 | D:9      | Found an opulent altar of Gozag.
  6697 | D:9      | Found a radiant altar of Vehumet.
  6701 | D:9      | Found a basalt altar of Yredelemnul.
  6702 | D:9      | Found an ancient bone altar of Kikubaaqudgha.
  6739 | D:9      | Noticed a cyclops
  6760 | D:9      | Killed a cyclops
  6760 | D:9      | Reached skill level 9 in Unarmed Combat
  6915 | D:9      | Found a burning altar of Makhleb.
  6973 | D:9      | Noticed a two-headed ogre
  6983 | D:9      | Killed a two-headed ogre
  7217 | D:9      | Found a transporter.
  7449 | D:10     | Entered Level 10 of the Dungeon
  7843 | D:10     | Killed an unseen horror
  7843 | D:10     | Reached skill level 5 in Shields
  7916 | D:10     | Reached XP level 11. HP: 107/107 MP: 10/10
  8060 | D:10     | Found a viscous altar of Jiyva.
  8368 | D:10     | HP: 4/109 [something (10)]
  8371 | D:10     | Slain by an unseen horror

Illustrated notes

Levels and vault maps discovered:
D:1:      heliophobic_arrival_dark_side_of_the_moon, layout_rooms
D:2:      layout_loops_ring, minivault_25, uniq_terence
D:3:      layout_loops_ring, chequers_ecumenical_altar_island, trog_book
D:4:      layout_cave_pools, serial_shops, shop, shop, portal_sewer_entry_f,
          nicolae_dithmenos_the_darkroom
D:5:      layout_gridville, elyvilon_altar_5, nicolae_gozag_seed_capital
D:6:      layout_basic, serial_shops, shop
D:7:      layout_loops_ring, okawaru_trees_2, minmay_temple_entry_ruins,
          gammafunk_ghost_arena, serial_shops, kennysheep_mini, shop,
          kennysheep_doodads, kennysheep_generic_room_2
D:8:      layout_basic, lemuel_crystal_altar, serial_shops, shop
D:9:      layout_basic, overflow_temple_1_default,
          lemuel_coloured_pillars_altar, minitemple, lair_entry_dummy,
          gammafunk_ghost_stat_death
D:10:     nzn_motion_control, layout_loops_ring, kennysheep_diamond,
          jiyva_altar_1

Skill      XL: |  1  2  3  4  5  6  7  8  9 10 11 |
---------------+----------------------------------+-----
Throwing       | 1 2 3 4 5 6 7 |  7.0
Unarmed Combat | 4 5 6 7 8 9 |  9.5
Dodging        | 3 4 5 6 7 |  7.0
Fighting       | 3 4 5 6 7 |  7.0
Shields        | 2 3 5 |  5.2

Action                   |  1- 3 |  4- 6 |  7- 9 | 10-12 || total
-------------------------+-------+-------+-------+-------++-------
Melee: Unarmed           |    73 |   169 |   298 |   206 ||   746
       Punch             |       |     2 |     4 |       ||     6
Invok: Berserk           |       |     3 |     2 |     4 ||     9
       Trog's Hand       |       |       |       |     1 ||     1
Evoke: Wand              |       |       |       |     4 ||     4
  Use: Potion            |       |       |       |     6 ||     6
 Stab: Sleeping          |       |     4 |       |       ||     4
Armor: Animal skin       |    43 |    32 |    73 |    40 ||   188
Dodge: Dodged            |    39 |    79 |   105 |    36 ||   259
Block: Kite shield       |       |       |   114 |   105 ||   219
       Other             |       |       |     1 |       ||     1
       Reflection        |       |       |       |     4 ||     4

Table legend: (Time is in decaauts)
 A = Elapsed time spent in this place.
 B = Non-inter-level travel time spent in this place.
 C = Inter-level travel time spent in this place.
 D = Time resting spent in this place.
 E = Time spent auto-exploring this place.
 F = Levels seen in this place.
 G = Mean time per level.
                   A        B        C        D        E       F      G
               +--------+--------+--------+--------+--------+-----+--------+
         Total |   8412 |   8063 |    349 |    720 |   5899 |  11 |  764.7 |
       Dungeon |   8165 |   7816 |    349 |    720 |   5710 |  10 |  816.5 |
         Sewer |    246 |    246 |      0 |      0 |    189 |   1 |  246.0 |
               +--------+--------+--------+--------+--------+-----+--------+

Top non-repeatable levels by time:
     D:8: 1108 daAuts
     D:6: 1096 daAuts
     D:7: 1014 daAuts
     D:9: 1005 daAuts
    D:10: 908 daAuts
     D:2: 757 daAuts
     D:5: 676 daAuts
     D:3: 658 daAuts
     D:4: 495 daAuts
     D:1: 444 daAuts
   Sewer: 246 daAuts
